Map: Whispers of Gold

Players

cucasxdxdxd

  • Race: Terran Terran
  • Spawn Location: 9:00

wootwoot - Winner!

  • Race: Protoss Protoss
  • League: Diamond
  • Spawn Location: 5:00

VOD

Have the link to the VOD?

Description

Time

  • Played on: April 2, 2025, 3:52 p.m.
  • Length: 3:48
Show
View Real Time Build Order
Export as new Build Order

cucasxdxdxd Terran 

Build Orders:  

Get SALT Encoding   

  12  0:02  SCV  
  13  0:14  SCV  
  13  0:18  Supply Depot  
  14  0:26  SCV  
  15  0:40  SCV  
  15  0:41  Barracks  
  16  0:47  Refinery  
  16  0:52  SCV  
  17  1:04  SCV  
  18  1:16  SCV  
  19  1:18  Refinery  
  19  1:28  SCV  
  19  1:29  Supply Depot  
  19  1:30  Reaper  
  21  1:39  Refinery  
  21  1:41  Engineering Bay  
  21  1:50  Orbital Command  
  21  2:05  Factory  
  21  2:20  SCV  
  22  2:26  Barracks, Barracks Reactor  
  22  2:32  SCV  
  22  2:41  Bunker  
  21  2:51  Bunker  
  19  3:02  Marine  
  20  3:09  Barracks  
  20  3:14  Marine  
  18  3:34  Factory  
Show
View Real Time Build Order
Export as new Build Order

wootwoot Protoss - Winner!

Build Orders:  

Get SALT Encoding   

  12  0:01  Probe  
  13  0:13  Probe  
  14  0:19  Pylon  
  14  0:25  Probe  
  15  0:38  Gateway  
  15  0:42  Assimilator  
  15  0:50  Pylon  
  15  1:08  Gateway  
  15  1:15  Gateway  
  15  1:29  Cybernetics Core  
  15  1:34  Probe  
  16  1:46  Probe  
  17  1:54  Stalker x2  
  17  1:58  Warp Gate  
  21  2:20  Stalker  
  21  2:27  Probe  
  24  2:30  Shield Battery  
  22  2:42  Stalker  
  24  2:50  Probe  
  25  2:55  Stalker  
  27  3:03  Probe  
  28  3:11  Pylon  
  28  3:20  Probe  
  29  3:32  Probe  
  30  3:42  Pylon  
Tags
 
League
Diamond
Matchup
PvT
Replay Pack
B2M-Replays
Spawn Locations
Cross Positions
Add a new tag
Caveats
  • Supply blocks, unpowered buildings, or Contaminate may cause inaccurate times.
  • Supply counts are checked every 10 seconds.